Description

for myself trying to copy ty's proxy marauder

Replay - Deathaura LE (29)

Build Order

Get SALT Encoding   

  12  0:00  SCV  
  13  0:13  SCV  
  14  0:18  Supply Depot  send scv
  14  0:25  SCV  
  15  0:41  Barracks  
  15  0:49  Barracks  
  15  0:55  Refinery  
  15  0:58  SCV  
  16  1:11  SCV  
  17  1:23  SCV  
  18  1:29  Marine  
  18  1:31  Supply Depot  
  19  1:34  Orbital Command  
  19  1:38  Barracks Tech Lab  
  19  1:47  Marine  
  20  1:58  Concussive Shells, Marauder  
  22  2:06  SCV, Marine  
  24  2:24  Marine  
  25  2:21  Marauder  
  25  2:28  SCV  
  28  2:30  Supply Depot  
  28  2:42  Marine  
  29  2:52  Marauder  
  31  2:58  Bunker  
Spawning Tool Build Advisor. Get it on Overwolf

Go to:

Details

  • Created by: cwan222
  • Published on: Jun 19, 2020
  • Modified on: Jun 19, 2020
  • Patch: 4.11.0
  • Difficulty: Easy
Show
View Real Time Build Order
Export as new Build Order

Comments (0)

There are no comments. Be the first!

Create an account to comment!